 Dungeon Crawl Stone Soup version 0.31-a0-175-g9f7f995f2b (webtiles) character file.

Game seed: 14393890017506050551

1981 pokeman the Thaumaturge (level 9, 0/48 HPs)
             Began as a Deep Elf Hedge Wizard on June 17, 2023.
             Was an Initiate of Vehumet.
             Slain by an ogre
             ... wielding a +0 giant club
              (19 damage)
             ... on level 7 of the Dungeon.
             The game lasted 00:15:35 (6401 turns).

pokeman the Thaumaturge (Deep Elf Hedge Wizard)     Turns: 6401, Time: 00:15:36

Health: 0/48       AC:  6    Str:  7    XL:     9   Next: 1%
Magic:  15/24      EV: 12    Int: 24    God:    Vehumet [......]
Gold:   140        SH:  0    Dex: 14    Spells: 7/27 levels left

rFire   . . .        x - +1 hand axe (venom)
rCold   . . .        (no shield)
rNeg    . . .        w - +0 troll leather armour
rPois   .            i - +0 helmet
rElec   .            n - +0 cloak
rCorr   .            (no gloves)
SInv    .            (no boots)
Will    .....        (no amulet)
Stlth   ++           (no ring)
HPRegen 1.08/turn    (no ring)
MPRegen 0.19/turn

%: no passive effects
@: no status effects
A: no striking features
a: Renounce Religion


You were on level 7 of the Dungeon.
You worshipped Vehumet.
Vehumet was noncommittal.
You visited 2 branches of the dungeon, and saw 8 of its levels.

You collected 300 gold pieces.
You spent 160 gold pieces at shops.

Inventory:

Hand Weapons
 x - a +1 hand axe of venom (weapon)
 y - the +5 woodcutter's axe
   (You found it on level 5 of the Dungeon)
Armour
 i - a +0 helmet (worn)
 n - a +0 cloak (worn)
 w - a +0 troll leather armour (worn)
Magical Staves
 b - a staff of conjuration
Jewellery
 s - a ring of fire
Wands
 u - a wand of flame (22)
 A - a wand of paralysis (6)
 B - a wand of digging (6)
Scrolls
 a - 3 scrolls of fear {unknown}
 e - 2 scrolls of teleportation
 g - 3 scrolls of immolation {unknown}
 j - 6 scrolls of identify {unknown}
 k - 4 scrolls of amnesia {unknown}
 o - a scroll of blinking {unknown}
 p - a scroll of enchant armour {unknown}
 q - a scroll of silence {unknown}
 r - 2 scrolls of revelation {unknown}
 v - 3 scrolls of butterflies {unknown}
 C - a scroll of enchant weapon {unknown}
Potions
 c - a potion of resistance {unknown}
 d - a potion of magic
 f - a potion of cancellation {unknown}
 h - 2 potions of might {unknown}
 l - a potion of heal wounds {unknown}
 m - 6 potions of curing
 t - a potion of ambrosia {unknown}
 z - 2 potions of brilliance {unknown}


   Skills:
 - Level 2.0 Fighting
 + Level 2.7 Armour
 - Level 3.0 Dodging
 - Level 3.0 Stealth
 * Level 9.9 Spellcasting
 + Level 7.0 Conjurations
 - Level 1.1 Summonings
 - Level 1.0 Necromancy
 - Level 1.1 Translocations
 + Level 4.3 Ice Magic
 - Level 1.0 Air Magic
 - Level 1.0 Poison Magic
 - Level 1.1 Evocations


You had 7 spell levels left.
You knew the following spells:

 Your Spells              Type           Power      Damage    Failure   Level
a - Magic Dart            Conj           100%       1d8       1%          1
b - Mephitic Cloud        Conj/Pois/Air  26%        N/A       7%          3
c - Call Imp              Summ           34%        N/A       8%          2
d - Blink                 Tloc           34%        N/A       8%          2
e - Freezing Cloud        Conj/Ice/Air   15%        6-21      36%         5
f - Orb of Destruction    Conj           22%        9d8       98%         7

Your spell library contained the following spells:

 Spells                   Type           Power      Damage    Failure   Level
 Kiss of Death            Conj/Necr      100%       2d13      1%          1
 Slow                     Hex            44%        N/A       8%          1
 Cigotuvi's Dreadful Rot  Necr/Pois/Air  34%        N/A       8%          2
 Sublimation of Blood     Necr           17%        N/A       8%          2
 Wereblood                Tmut           11%        N/A       12%         2
 Vampiric Draining        Necr           17%        2d7       16%         3
 Summon Guardian Golem    Hex/Summ       14%        N/A       19%         3
 Ignite Poison            Fire/Tmut/Pois 13%        N/A       21%         3
 Confusing Touch          Hex            11%        N/A       24%         3
 Dispel Undead            Necr           17%        3d10      45%         4
 Spellforged Servitor     Conj/Summ      15%        N/A       100%        7
 Summon Hydra             Summ           8%         N/A       100%        7


Dungeon Overview and Level Annotations

Branches:
Dungeon (7/15)             Temple (1/1) D:6

Altars:
Ashenzari
Cheibriados
Dithmenos
Elyvilon
Fedhas
Gozag
Kikubaaqudgha
Makhleb
Nemelex Xobeh
Okawaru
Qazlal
Ru
Sif Muna
Trog
Vehumet
Yredelemnul
Zin
The Shining One

Shops:
D:4 =!*(


Message History

Aiming: Magic Dart (safe; 1% risk of failure)
Press: ? - help, Shift-Dir - straight line, f/p - jelly
Aim: a jelly (severely wounded, 100% to hit)
The magic dart hits the jelly!
You kill the jelly!
Vehumet accepts your kill.
You have reached level 9!
Your experience leads to an increase in your attributes!
Increase (S)trength, (I)ntelligence, or (D)exterity?
You feel clever. x2
Casting: Magic Dart (safe; 1% risk of failure)
Confirm with . or Enter, or press ? or * to list all spells.
Aiming: Magic Dart (safe; 1% risk of failure)
Press: ? - help, Shift-Dir - straight line, f - ogre
Aim: an ogre, wielding a +0 giant club (confused, 100% to hit)
The magic dart hits the ogre.
The ogre is lightly wounded.
Unknown command.
You catch the helpless ogre completely off-guard!
You hit the ogre.
The ogre is moderately wounded.
The ogre hits you with a +0 giant club!!
Ouch! That really hurt!
You strike the helpless ogre from behind!
You hit the ogre.
The ogre is poisoned.
The ogre is moderately wounded.
Casting: Magic Dart (safe; 1% risk of failure)
Confirm with . or Enter, or press ? or * to list all spells.
Aiming: Magic Dart (safe; 1% risk of failure)
Press: ? - help, Shift-Dir - straight line, f/p - ogre
Aim: an ogre, wielding a +0 giant club (moderately wounded, confused, very poisoned, 100% to hit)
The magic dart hits the ogre.
The ogre is severely wounded.
Unknown command.
You strike the helpless ogre from behind!
You hit the ogre.
The ogre looks as sick as possible!
The ogre is severely wounded.
The ogre wonders, "What am I doing in here?"
The ogre hits you with a +0 giant club!!
You die...

#.# .# #
#.####.####.
###.####.#.........
.....)............
###............#
########.....#
#.....# ##O#### #@#
#)# #.# #.# #.# #.#
#.# #..


You could see an ogre (confused, extremely poisoned).

Vanquished Creatures
  A troll (D:5)
  A hornet (D:5)
  Sigmund (D:2)
  2 ogres
  3 centaurs
  2 phantoms (D:5)
  2 scorpions
  4 hounds
  An orc priest (D:4)
  2 jellies
  2 iguanas (D:5)
  Natasha (D:2)
  5 orc wizards
  Terence (D:2)
  7 adders
  4 worms (D:5)
  3 dart slugs
  19 orcs
  8 ball pythons
  4 bats
  10 endoplasms
  A giant cockroach (D:2)
  8 goblins
  8 hobgoblins
  6 jackals
  9 kobolds
  5 quokkas
  2 frilled lizards (D:2)
  7 rats
129 creatures vanquished.

Vanquished Creatures (collateral kills)
  An ice beast (D:5)
1 creature vanquished.

Grand Total: 130 creatures vanquished

Notes
Turn   | Place    | Note
-------+----------+-------------------------------------------
     0 | D:1      | pokeman the Deep Elf Hedge Wizard began the quest for the
                  | Orb.
     0 | D:1      | Reached XP level 1. HP: 10/10 MP: 7/7
   281 | D:1      | Reached XP level 2. HP: 16/16 MP: 3/9
   560 | D:1      | Reached skill level 5 in Spellcasting
   755 | D:1      | Reached XP level 3. HP: 20/20 MP: 8/11
   759 | D:1      | Learned a level 3 spell: Mephitic Cloud
   762 | D:1      | Learned a level 2 spell: Call Imp
   765 | D:1      | Learned a level 2 spell: Blink
  1289 | D:2      | Reached skill level 1 in Fighting
  1289 | D:2      | Reached skill level 1 in Armour
  1430 | D:2      | Noticed Natasha
  1443 | D:2      | Killed Natasha
  1444 | D:2      | Reached XP level 4. HP: 7/25 MP: 3/13
  1692 | D:2      | Noticed Sigmund
  1703 | D:2      | Noticed Terence
  1709 | D:2      | Killed Terence
  1715 | D:2      | Killed Sigmund
  1716 | D:2      | Reached skill level 5 in Conjurations
  1716 | D:2      | Reached XP level 5. HP: 28/29 MP: 9/15
  2322 | D:3      | Reached XP level 6. HP: 34/34 MP: 14/16
  2558 | D:3      | Found a blossoming altar of Fedhas.
  2584 | D:3      | Learned a level 5 spell: Freezing Cloud
  2755 | D:3      | Found a sparkling altar of Nemelex Xobeh.
  2921 | D:3      | Found Zut Rodieqys's Jewellery Shop.
  3131 | D:4      | Found Xiulem's Distillery.
  3135 | D:4      | Bought a potion of curing for 39 gold pieces
  3135 | D:4      | Bought a potion of curing for 39 gold pieces
  3135 | D:4      | Bought a potion of curing for 39 gold pieces
  3135 | D:4      | Bought a potion of degeneration for 13 gold pieces
  3200 | D:4      | Found Beirghu's General Store.
  3251 | D:4      | Reached skill level 6 in Spellcasting
  3419 | D:4      | Reached skill level 1 in Necromancy
  3419 | D:4      | Reached skill level 1 in Poison Magic
  3624 | D:4      | Found Typyxzur's Armour Boutique.
  3669 | D:4      | Found Zetuan's Jewellery Shop.
  3777 | D:4      | Found Tietsan's Antique Weapon Shoppe.
  3837 | D:4      | Bought a scroll of teleportation for 30 gold pieces
  3879 | D:5      | Entered Level 5 of the Dungeon
  3939 | D:5      | Reached skill level 1 in Ice Magic
  3940 | D:5      | Reached skill level 1 in Air Magic
  3940 | D:5      | Reached XP level 7. HP: 35/38 MP: 4/18
  4130 | D:5      | Noticed a troll
  4232 | D:5      | Killed a troll
  4233 | D:5      | Reached skill level 7 in Spellcasting
  4445 | D:5      | Noticed a hornet
  4456 | D:5      | Killed a hornet
  4457 | D:5      | Reached skill level 8 in Spellcasting
  4457 | D:5      | Reached skill level 1 in Evocations
  4457 | D:5      | Reached XP level 8. HP: 18/44 MP: 15/22
  4838 | D:5      | Reached skill level 9 in Spellcasting
  4923 | D:5      | Noticed a moth of wrath
  4932 | D:5      | Found a bloodstained altar of Trog.
  4937 | D:5      | Found the +5 woodcutter's axe
  4993 | D:5      | Learned a level 7 spell: Orb of Destruction
  6178 | D:6      | Found a staircase to the Ecumenical Temple.
  6188 | Temple   | Entered the Ecumenical Temple
  6217 | Temple   | Became a worshipper of Vehumet
  6397 | D:7      | Reached XP level 9. HP: 48/48 MP: 16/24
  6401 | D:7      | Slain by an ogre

Illustrated notes

Levels and vault maps discovered:
D:1:      spicycebolla_arrival_clurvy, layout_loops_ring
D:2:      layout_loops_ring, uniq_terence, uniq_sigmund, uniq_natasha
D:3:      layout_basic, nemelex_dance_club_becter, mainiacjoe_overflow_catwalk,
          serial_shops, shop, st_stairs_9
D:4:      layout_cave_pools, serial_shops, nicolae_shop_tiny_statue_garden,
          nicolae_shop_rolling_square, nicolae_shop_tiny_statue_garden, shop,
          nicolae_shop_back_alley_shop
D:5:      layout_cave_pools, tgw_trog
D:6:      hellmonk_destroyed_diamonds, layout_loops_corners, temple_hall,
          chequers_serial_rivers_micro_d, hangedman_glass_teeth
D:7:      layout_loops_ring, hangedman_minor_gate_pass
Temple:   hellmonk_temple_of_storms

Skill      XL: |  1  2  3  4  5  6  7  8 |
---------------+-------------------------+-----
Spellcasting   | 5 6 8 9 |  9.9
Fighting       | 1 2 |  2.0
Armour         | 1 2 |  2.7
Conjurations   | 2 5 6 7 |  7.0
Stealth        | 3 |  3.0
Dodging        | 3 |  3.0
Necromancy     | 1 |  1.0
Poison Magic   | 1 |  1.0
Ice Magic      | 1 3 4 |  4.3
Air Magic      | 1 |  1.0
Evocations     | 1 |  1.1
Summonings     | |  1.1
Translocations | |  1.1

Action                     |  1- 3 |  4- 6 |  7- 9 || total
---------------------------+-------+-------+-------++-------
  Melee: Dagger            |    38 |    29 |    45 ||   112
         Hand axe          |       |       |    43 ||    43
         Punch             |       |       |     2 ||     2
   Cast: Magic Dart        |    74 |   100 |   117 ||   291
         Mephitic Cloud    |     1 |    10 |    15 ||    26
         Call Imp          |       |       |     2 ||     2
   Stab: Confused          |     1 |     3 |    10 ||    14
 Armour: Robe              |    14 |     5 |    11 ||    30
         Troll leather arm |       |       |    22 ||    22
  Dodge: Dodged            |    27 |    18 |    85 ||   130

Table legend: (Time is in decaauts)
 A = Elapsed time spent in this place.
 B = Non-inter-level travel time spent in this place.
 C = Inter-level travel time spent in this place.
 D = Time resting spent in this place.
 E = Time spent auto-exploring this place.
 F = Levels seen in this place.
 G = Mean time per level.
                   A        B        C        D        E       F      G
               +--------+--------+--------+--------+--------+-----+--------+
         Total |   6414 |   6145 |    269 |    162 |   4999 |   8 |  801.8 |
       Dungeon |   6370 |   6115 |    255 |    162 |   4987 |   7 |  910.0 |
        Temple |     44 |     30 |     14 |      0 |     12 |   1 |   44.0 |
               +--------+--------+--------+--------+--------+-----+--------+

Top non-repeatable levels by time:
     D:1: 1240 daAuts
     D:5: 1158 daAuts
     D:6: 1110 daAuts
     D:2: 976 daAuts
     D:4: 946 daAuts
     D:3: 902 daAuts
  Temple: 44 daAuts
     D:7: 34 daAuts
